AoeStats
← MC0LEE

Arena

510441430Analyzed
1v1 RM · 1d ago on Oct 1, 2026· 64m 37s· 2 players
Game mode
Random Map
Map size
Tiny (2 player)
Population
200
Speed
Normal
Resources
Standard
Victory
Conquest
Starting age
Dark Age
Ending age
Imperial Age
RankedLock teamsTeams togetherTeam positionsShared explorationLock speedFull tech treeHidden civsTurbo modeCheats
Victory
Defeat
🇹🇷 Khmer · Türkiye
1035
+15
🇺🇸 Malians · United States
1016
-15
victor.shultz
10:39 Feudal Age
15:09 Castle Age
14:29 Double-Bit Axe
19:14 Forging
22:29 Gold Mining
24:36 Bow Saw
25:59 Horse Collar
27:45 Iron Casting
27:11 Scale Mail Armor
28:07 Wheelbarrow
32:24 Hand Cart
31:55 Loom
31:56 Town Watch
32:04 Stone Mining
32:50 Gold Shaft Mining
33:07 Fortified Wall
35:41 Stone Shaft Mining
38:42 Scale Barding Armor
41:34 Imperial Age
40:07 Chain Barding Armor
40:45 Husbandry
40:55 Bloodlines
42:10 Bloodlines
42:29 Ballistics
42:01 Fletching
43:23 Heavy Camel Rider
44:40 Plate Barding Armor
44:03 Bodkin Arrow
45:12 Chemistry
44:32 Guilds
47:12 Heavy Plow
47:31 Murder Holes
47:28 Guard Tower
49:15 Conscription
49:01 Farimba
50:39 Crop Rotation
MC0LEE
0:27 Loom
14:22 Feudal Age
17:31 Castle Age
15:24 Stone Mining
15:26 Double-Bit Axe
15:37 Horse Collar
18:20 Heavy Plow
18:34 Bow Saw
27:55 Wheelbarrow
27:07 Town Watch
27:51 Light Cavalry
28:42 Bloodlines
28:32 Husbandry
32:36 Gold Mining
34:45 Hand Cart
37:59 Imperial Age
37:13 Gold Shaft Mining
37:16 Stone Shaft Mining
38:30 Town Patrol
39:16 Crop Rotation
39:28 Conscription
39:09 Double Crossbow
38:32 Elite Ballista Elephant
41:04 Chemistry
40:53 Ballistics
41:10 Padded Archer Armor
41:00 Fletching
41:16 Scale Barding Armor
41:22 Forging
41:26 Fortified Wall
42:14 Leather Archer Armor
41:29 Hussar
41:34 Capped Ram
43:08 Bodkin Arrow
43:34 Chain Barding Armor
43:53 Hoardings
42:48 Sappers
44:44 Iron Casting
43:38 Siege Ram
46:07 Ring Archer Armor
45:37 Bracer
48:06 Plate Barding Armor
52:22 Blast Furnace
Connection lost

Rejoining the realm…

Still unreachable

The connection could not be restored.

Session expired

The server has moved on; the page needs a fresh start.